 Dungeon Crawl Stone Soup version 0.19.0-9-gfd783f2 (console) character file.

112 Morrissey the Slasher (level 4, -2/39 HPs)
             Began as a Minotaur Gladiator on Nov 7, 2016.
             Slain by a gnoll
             ... wielding a +1 spear of flaming
              (5 damage)
             ... on level 3 of the Dungeon.
             The game lasted 00:01:44 (1263 turns).

Morrissey the Slasher (Minotaur Gladiator)          Turns: 1263, Time: 00:01:45

Health: -2/39      AC:  3    Str: 19    XL:     4   Next: 64%
Magic:  3/3        EV: 13    Int:  5    God:
Gold:   147        SH:  0    Dex: 12    Spells: 0 memorised, 3 levels left

rFire  . . .     SeeInvis .     a - +0 long sword
rCold  . . .     Gourm    .     b - +0 leather armour
rNeg   . . .     Faith    .     (no shield)
rPois  .         Spirit   .     c - +0 hat
rElec  .         Reflect  .     (no cloak)
rCorr  +         Harm     .     (no gloves)
MR     .....                    (no boots)
Stlth  +.........               (no amulet)
                                (no ring)
                                e - ring of resist corrosion

@: no status effects
A: retaliatory headbutt, horns 2
a: no special abilities


You were on level 3 of the Dungeon.
You were not hungry.

You visited 1 branch of the dungeon, and saw 3 of its levels.

You collected 147 gold pieces.

Inventory:

Hand Weapons
 a - a +0 long sword (weapon)
Missiles
 d - 3 throwing nets (quivered)
Armour
 b - a +0 leather armour (worn)
 c - a +0 hat (worn)
Jewellery
 e - a ring of resist corrosion (left hand)
Wands
 m - a wand of disintegration (13/24)
Scrolls
 h - a scroll of enchant armour {unknown}
 i - 2 scrolls of identify {unknown}
 j - 2 scrolls of blinking {unknown}
 n - 2 scrolls of recharging {unknown}
 r - 2 scrolls of teleportation {unknown}
Potions
 l - a potion of cancellation {unknown}
 o - a potion of resistance {unknown}
 p - a potion of haste {unknown}
 q - a potion of curing {unknown}
Comestibles
 f - 3 bread rations
 g - 5 chunks of flesh
 k - a meat ration


   Skills:
 + Level 3.6 Fighting
 * Level 5.2 Long Blades
 - Level 2.0 Throwing
 + Level 1.7 Armour
 - Level 3.7 Dodging


You had 3 spell levels left.
You didn't know any spells.

Dungeon Overview and Level Annotations

Branches:
Dungeon (3/15)

Altars:


Innate Abilities, Weirdness & Mutations

You reflexively headbutt those who attack you in melee.
You have a pair of horns on your head.


Message History

The gnoll burns you.
* * * LOW HITPOINT WARNING * * *
You barely miss the gnoll.
The gnoll is almost dead.
The gnoll misses you.
You riposte.
You slash the gnoll!
You kill the gnoll!
The gnoll misses you.
You swing at nothing.
The gnoll closely misses you.
The gnoll hits you with a spear of flaming.
* * * LOW HITPOINT WARNING * * *
The gnoll burns you.
* * * LOW HITPOINT WARNING * * *
You see here a spear.
You hit the gnoll. Your headbutt misses the gnoll.
The gnoll is moderately wounded.
The gnoll closely misses you.
The gnoll hits you with a spear of flaming!
* * * LOW HITPOINT WARNING * * *
The gnoll burns you.
You die...
PP≈♣♣≈≈PPP...## ≈PP≈♣≈♣≈PP.≈≈# P≈≈≈≈≈≈≈≈≈≈≈. #≈P≈PP≈P♣≈≈. #..PP≈gPP≈P

##...g.$....
#g.........#
#g######.#..
#@### #...#
♣######...#
≈≈≈≈≈≈≈...#
P≈≈≈≈≈P..#####
≈≈≈≈PP≈......##
≈≈≈≈P≈≈P........
≈≈≈≈≈≈P.......##
≈≈≈≈P≈≈.......###
###.


You could see 2 gnolls.

Vanquished Creatures
  Terence (D:2)
  3 gnolls
  2 dart slugs (D:1)
  A worm (D:2)
  2 leopard geckos (D:2)
  3 giant cockroaches
  9 goblins
  7 hobgoblins
  3 jackals (D:1)
  4 kobolds
  2 quokkas (D:3)
  A ball python (D:2)
  2 bats (D:1)
  A frilled lizard (D:2)
  8 rats
49 creatures vanquished.

Notes
Turn   | Place    | Note
-------+----------+-------------------------------------------
     0 | D:1      | Morrissey the Minotaur Gladiator began the quest for the Orb.
     0 | D:1      | Reached XP level 1. HP: 18/18 MP: 0/0
    88 | D:1      | Reached XP level 2. HP: 25/25 MP: 1/1
   108 | D:1      | Reached skill level 4 in Long Blades
   644 | D:2      | Reached XP level 3. HP: 30/30 MP: 2/2
   716 | D:2      | Noticed Terence
   716 | D:2      | Reached skill level 1 in Armour
   727 | D:2      | Killed Terence
   727 | D:2      | Reached XP level 4. HP: 22/38 MP: 3/3
  1174 | D:3      | Reached skill level 5 in Long Blades
  1263 | D:3      | Slain by a gnoll

Skill      XL: |  1  2  3  4 |
---------------+-------------+-----
Long Blades    | 4 5 |  5.2
Fighting       | 3 |  3.6
Armour         | 1 |  1.7
Throwing       | |  2.0
Dodging        | |  3.7

Action                   |  1- 3 |  4- 6 || total
-------------------------+-------+-------++-------
Melee: Long sword        |    54 |    30 ||    84
       Headbutt          |    11 |     8 ||    19
  Eat: Chunk             |       |     1 ||     1
Armor: Leather armour    |    15 |     4 ||    19
Dodge: Dodged            |    26 |    32 ||    58
       Rpst.: Long sword |     9 |     4 ||    13
